[Event "ICC tourney 2437 (75 10)"]
[Site "Internet Chess Club"]
[Date "2021.03.07"]
[Round "6"]
[White "CAREY, MICHAEL P:xyzchessdude"]
[Black "SATTARU, SRITEJ SAI:FL2009"]
[Result "1/2-1/2"]
[ICCResult "Game drawn by repetition"]
[WhiteElo "1953"]
[BlackElo "1820"]
[Opening "English: Neo-Catalan declined"]
[ECO "A14"]
[NIC "RE.09"]
[Time "20:02:07"]
[PlyCount "101"]
[TimeControl "4500+10"]

1. Nf3 Nf6 2. c4 e6 3. g3 d5 4. Bg2 Be7 5. O-O O-O 6. b3 c5 7. Bb2 Nc6 8.
e3 b6 9. Nc3 Bb7 10. cxd5 exd5 11. d4 cxd4 12. Nxd4 Nxd4 13. Qxd4 Bc5 14.
Qf4 Qe7 15. Rfd1 Rad8 16. Nb5 a6 17. Nd4 Bxd4 18. Qxd4 b5 19. Rac1 Rc8 20.
Bh3 Rxc1 21. Rxc1 Qd6 22. Bf5 Qd8 23. Rd1 Qe7 24. Qh4 h6 25. Qd4 Bc8 26.
Qd3 Be6 27. Rc1 Qd7 28. Bxe6 fxe6 29. f3 Nh7 30. f4 Rc8 31. Rd1 Qe7 32. Rc1
Rxc1+ 33. Bxc1 Nf6 34. Bb2 Kf7 35. Qd4 h5 36. Kg2 Qc7 37. Qc3 Qxc3 38. Bxc3
Ne4 39. Bb4 Kg6 40. Kf3 Kf5 41. h3 g5 42. g4+ hxg4+ 43. hxg4+ Kg6 44. a4
bxa4 45. bxa4 Nf6 46. Be7 Ne4 47. Bb4 Nf6 48. Be7 Ne4 49. Bb4 Kf6 50. Ke2
Kg6 51. Kf3 { Game drawn by repetition } 1/2-1/2